 Dungeon Crawl Stone Soup version 0.31-a0-431-g88bdf31460 (webtiles) character file.

Game seed: 15868926526616309916

107 holysushi the Cutter (level 4, -23/36 HPs)
             Began as a Demonspawn Monk on July 31, 2023.
             Killed by an exploding orc (34 damage)
             ... ignited by their inner flame
             ... on level 3 of the Dungeon.
             The game lasted 00:02:01 (1726 turns).

holysushi the Cutter (Demonspawn Monk)              Turns: 1726, Time: 00:02:01

Health: -23/36     AC:  5    Str: 12    XL:     4   Next: 57%
Magic:  4/4        EV: 13    Int: 11    God:
Gold:   85         SH:  0    Dex: 17    Spells: 3/3 levels left

rFire   . . .        a - +1 short sword
rCold   . . .        (no shield)
rNeg    . . .        b - +1 robe
rPois   +            e - +0 helmet
rElec   .            (no cloak)
rCorr   .            (no gloves)
SInv    .            (no boots)
Will    .....        (no amulet)
Stlth   ++           h - ring of poison resistance
HPRegen 0.26/turn    (no ring)
MPRegen 0.09/turn

%: no passive effects
@: no status effects
A: rugged brown scales 1, powered by death 1
a: no special abilities


You were on level 3 of the Dungeon.
You visited 1 branch of the dungeon, and saw 3 of its levels.

You collected 85 gold pieces.

Inventory:

Hand Weapons
 a - a +1 short sword (weapon)
Armour
 b - a +1 robe (worn)
 e - a +0 helmet (worn)
Jewellery
 h - a ring of poison resistance (left hand)
Potions
 c - a potion of ambrosia
 d - 2 potions of haste {unknown}


   Skills:
 - Level 3.0 Fighting
 + Level 4.9 Short Blades
 - Level 2.6 Dodging


You had 3 spell levels left.
You didn't know any spells.
Your spell library contained the following spells:

 Spells                   Type           Power      Damage    Failure   Level
 Frozen Ramparts          Ice            0%         1d1       71%         3
 Petrify                  Tmut/Erth      0%         N/A       98%         4
 Metabolic Englaciation   Hex/Ice        0%         N/A       100%        5


Dungeon Overview and Level Annotations

Branches:
Dungeon (3/15) Zot: 16317

Altars:
Vehumet

Shops:
D:2 :   D:3 [:


Innate Abilities, Weirdness & Mutations

You are partially covered in rugged brown scales. (AC +1, +3% HP)
You regenerate a little health from kills.


Message History

The orc attacks as you move away! The orc barely misses you.
The hobgoblin attacks as you move away! The hobgoblin closely misses you.
The orc priest looks satisfied for a moment.
A goblin comes into view. It is wielding a +0 dagger.
The orc attacks as you move away! The orc barely misses you.
As you read the scroll labelled QED BULUGYCK, it crumbles to dust.
The creatures around you are filled with an inner flame!
It was a scroll of immolation.
The orc hits you with a +0 morningstar. The orc attacks as you move away!
The orc hits you with a +0 morningstar!
* * * LOW HITPOINT WARNING * * *
There is an entrance to Qenwuk's Book Shoppe here.
The orc attacks as you move away! The orc barely misses you.
Found a fizzy brown potion.
The orc attacks as you move away! The orc hits you with a +0 morningstar.
* * * LOW HITPOINT WARNING * * *
You are confused.
You feel invigorated. The orc barely misses you.
You barely miss the orc. The orc hits you with a +0 morningstar.
* * * LOW HITPOINT WARNING * * *
You bump into the rock wall.
The orc barely misses you. The orc attacks as you move away!
The orc misses you.
You feel less invigorated.
You feel less confused.
You see here a fizzy brown potion.
The orc attacks as you move away! The orc misses you.
The orc attacks as you move away! The orc misses you.
The orc attacks as you move away! The orc hits you with a +0 morningstar!
* * * LOW HITPOINT WARNING * * *
You hit the orc but do no damage. The orc attacks as you move away!
The orc closely misses you. The orc attacks as you move away!
The orc misses you. The orc attacks as you move away!
The orc barely misses you. The orc attacks as you move away!
The orc barely misses you.
You hit the orc.
Flame seeps out of the orc.
The orc is heavily wounded.
The orc is engulfed in blazing flames.
The orc explodes!
The fiery explosion engulfs you!!
Ouch! That really hurt!
You die...

#############
#...g.!w.o..#
#.#########J# #.# #∩#
## #.# #.# #.. #g#
#.###o.# #§#
#######w##..## #○#
#.......o.woo.
#@###)#####.###J##
#.##...####.###.#
#............##.#
####...###[.....#
########.####...##.##
#≈≈≈.(.......#.###...
#≈∩≈####..##...# #..#
#≈.≈# ##'###+####...
##.## #.....#....##


You could see a hobgoblin (inner flame).

Vanquished Creatures
  A hound (D:2)
  3 adders
  A gnoll (D:1)
  2 dart slugs
  An orc (D:3)
  5 endoplasms (D:1)
  2 giant cockroaches
  3 goblins
  3 hobgoblins
  5 ball pythons (D:1)
  4 bats
  2 frilled lizards (D:2)
  3 kobolds
  6 rats
41 creatures vanquished.

Notes
Turn   | Place    | Note
-------+----------+-------------------------------------------
     0 | D:1      | holysushi the Demonspawn Monk began the quest for the Orb.
     0 | D:1      | Reached XP level 1. HP: 18/18 MP: 1/1
   149 | D:1      | Reached skill level 3 in Short Blades
   288 | D:1      | Gained mutation: You regenerate a little health from kills.
                  | [demonic ancestry]
   288 | D:1      | Reached XP level 2. HP: 17/24 MP: 2/2
   592 | D:1      | Gained mutation: You are partially covered in rugged brown
                  | scales. (AC +1, +3% HP) [demonic ancestry]
   592 | D:1      | Reached XP level 3. HP: 15/29 MP: 3/3
  1015 | D:2      | Reached skill level 4 in Short Blades
  1056 | D:2      | Found Kinas's Book Shop.
  1153 | D:2      | Reached XP level 4. HP: 27/36 MP: 4/4
  1577 | D:3      | Found a radiant altar of Vehumet.
  1594 | D:3      | Found Baim's Antique Armour Shop.
  1676 | D:3      | Found Qenwuk's Book Shoppe.
  1726 | D:3      | Killed by an exploding orc... ignited by their inner flame

Illustrated notes

Levels and vault maps discovered:
D:1:      lightli_iron_boxes, layout_loops_ring, minivault_25
D:2:      layout_rooms, serial_shops, shop
D:3:      layout_loops_ring, lemuel_zombie_altar_yredelemnul,
          dancing_weapons_uskayaw, general_overflow_altar,
          mainiacjoe_overflow_six_doors_small, serial_shops, shop, shop,
          nicolae_shop_tiny_waterfront, shop, nicolae_shop_peninsula,
          minmay_vboxes

Skill      XL: |  1  2  3 |
---------------+----------+-----
Short Blades   | 3 4 |  4.9
Fighting       | |  3.0
Dodging        | |  2.6

Action                     |  1- 3 |  4- 6 || total
---------------------------+-------+-------++-------
  Melee: Short sword       |   115 |    95 ||   210
         Punch             |     5 |     1 ||     6
    Use: Scroll            |     1 |     2 ||     3
         Potion            |     1 |     1 ||     2
   Stab: Distracted        |     1 |       ||     1
         Sleeping          |     2 |     2 ||     4
 Armour: Robe              |    17 |    21 ||    38
  Dodge: Dodged            |    56 |    65 ||   121

Table legend: (Time is in decaauts)
 A = Elapsed time spent in this place.
 B = Non-inter-level travel time spent in this place.
 C = Inter-level travel time spent in this place.
 D = Time resting spent in this place.
 E = Time spent auto-exploring this place.
 F = Levels seen in this place.
 G = Mean time per level.
                   A        B        C        D        E       F      G
               +--------+--------+--------+--------+--------+-----+--------+
         Total |   1682 |   1601 |     81 |    185 |    960 |   3 |  560.7 |
       Dungeon |   1682 |   1601 |     81 |    185 |    960 |   3 |  560.7 |
               +--------+--------+--------+--------+--------+-----+--------+

Top non-repeatable levels by time:
     D:1: 988 daAuts
     D:2: 497 daAuts
     D:3: 195 daAuts
